Map: King's Cove LE

Players

Snute

  • Race: Zerg Zerg
  • Spawn Location: 5:00

TLO - Winner!

  • Race: Zerg Zerg
  • Spawn Location: 11:00

Event: 2019 WCS Summer

VOD

Have the link to the VOD?

Description

Time

  • Played on: July 12, 2019, 12:04 p.m.
  • Length: 5:06

All games in this series

Show
View Real Time Build Order
Export as new Build Order

Snute Zerg 

Build Orders: Hatch First 

Get SALT Encoding   

  12  0:00  Drone  
  13  0:12  Overlord  
  13  0:18  Drone  
  14  0:31  Drone x2  
  14  0:34  Drone  
  17  0:52  Hatchery  
  17  0:55  Drone  
  17  1:08  Spawning Pool  
  16  1:12  Drone  
  16  1:15  Drone  
  16  1:17  Extractor  
  17  1:20  Drone  
  18  1:28  Drone  
  19  1:38  Overlord  
  19  1:51  Drone  
  20  1:55  Queen  
  20  2:00  Drone  
  23  2:03  Queen  
  23  2:04  Drone  
  26  2:11  Drone  
  27  2:16  Metabolic Boost  
  27  2:17  Drone  
  27  2:22  Drone  
  29  2:25  Drone  
  30  2:31  Queen  
  30  2:34  Overlord  
  32  2:38  Drone  
  32  2:43  Overlord  
  33  2:55  Zergling x4  
  35  3:00  Zergling x2  
  35  3:03  Zergling x6  
  39  3:05  Evolution Chamber  
  38  3:14  Hatchery  
  38  3:19  Drone x2  
  39  3:21  Drone  
  39  3:24  Drone  
  39  3:26  Drone  
  42  3:29  Drone  
  43  3:36  Drone  
  44  3:42  Roach Warren  
  44  3:45  Zergling x2  
  44  3:50  Zergling x6  
  44  3:56  Zergling x2  
  44  3:59  Zergling x2  
  44  4:00  Zergling x2  
  41  4:05  Zergling x2  
  41  4:08  Zergling x2  
  33  4:10  Zergling x4  
  33  4:12  Zergling x2  
  31  4:18  Zergling x2  
  31  4:23  Roach  
  32  4:27  Roach  
  31  4:33  Roach  
  31  4:34  Roach  
  34  4:39  Roach  
  37  4:54  Ravager  
Show
View Real Time Build Order
Export as new Build Order

TLO Zerg - Winner!

Build Orders: Hatch First 

Get SALT Encoding   

  12  0:01  Drone  
  13  0:13  Overlord  
  13  0:18  Drone  
  14  0:32  Drone x2  
  16  0:36  Drone  
  17  0:53  Hatchery  
  17  0:56  Drone  
  17  0:59  Drone  
  18  1:06  Extractor  
  17  1:15  Spawning Pool  
  17  1:18  Drone  
  17  1:21  Drone  
  18  1:29  Drone  
  19  1:42  Drone  
  20  1:50  Overlord  
  20  2:01  Drone  
  20  2:04  Queen x2  
  20  2:05  Drone  
  26  2:09  Metabolic Boost  
  26  2:12  Drone  
  27  2:15  Drone  
  28  2:23  Drone  
  29  2:34  Hatchery  
  28  2:40  Queen  
  30  2:45  Overlord  
  30  2:52  Overlord  
  30  2:53  Zergling x2  
  30  2:54  Zergling x2  
  32  2:59  Zergling x4  
  32  3:04  Zergling x2  
  32  3:05  Zergling x2  
  36  3:11  Zergling x2  
  36  3:12  Zergling x6  
  40  3:15  Zergling x2  
  40  3:18  Zergling x2  
  42  3:20  Zergling x2  
  42  3:22  Zergling x2  
  44  3:30  Zergling x2  
  45  3:37  Drone  
  45  3:38  Drone, Roach Warren  
  47  3:41  Drone  
  47  3:43  Extractor  
  46  3:50  Drone  
  46  3:54  Drone x2  
  46  3:55  Drone  
  48  3:57  Zergling x4  
  47  4:04  Zergling x2  
  47  4:05  Zergling x4  
  47  4:08  Zergling x2  
  47  4:09  Zergling x2  
  49  4:13  Zergling x4  
  47  4:19  Drone  
  47  4:23  Drone x2  
  46  4:28  Drone  
  46  4:29  Drone  
  47  4:32  Drone  
  47  4:40  Drone x2  
  47  4:42  Drone  
  47  4:44  Evolution Chamber  
  49  4:51  Drone  
  49  4:52  Drone  
  47  4:53  Drone  
Tags
 
Add a new tag
Caveats
  • Supply blocks, unpowered buildings, or Contaminate may cause inaccurate times.
  • Supply counts are checked every 10 seconds.